 Dungeon Crawl Stone Soup version 0.21.0-25-ge575cb9 (webtiles) character file.

187 nikopol the Shield-Bearer (level 5, -1/33 HPs)
             Began as a Gargoyle Fighter on Jan 23, 2018.
             Killed by divine providence
             ... invoked by an orc priest
              (14 damage)
             ... on level 3 of the Dungeon.
             The game lasted 00:04:37 (2252 turns).

nikopol the Shield-Bearer (Gargoyle Fighter)        Turns: 2252, Time: 00:04:38

Health: -1/33      AC: 11    Str: 20    XL:     5   Next: 66%
Magic:  5/5        EV:  7    Int:  8    God:
Gold:   159        SH:  9    Dex: 10    Spells: 4/4 levels left

rFire    . . .     SeeInvis .   a - +0 trident
rCold    . . .     Gourm    .   c - +0 shield
rNeg     + . .     Faith    .   b - +0 scale mail
rPois    ∞         Spirit   .   (no helmet)
rElec    +         Reflect  .   (no cloak)
rCorr    .         Harm     .   (no gloves)
MR       .....                  (no boots)
Stlth    ..........             (no amulet)
HPRegen  0.11/turn              (no ring)
MPRegen  0.09/turn              (no ring)

@: no status effects
A: negative energy resistance 1, electricity resistance, unbreathing,
petrification resistance, rot immunity, AC +4
a: no special abilities


You were on level 3 of the Dungeon.
You were not hungry.

You visited 1 branch of the dungeon, and saw 3 of its levels.

You collected 159 gold pieces.

Inventory:

Hand Weapons
 a - a +0 trident (weapon)
Missiles
 k - 137 stones
 v - 5 silver javelins (quivered)
Armour
 b - a +0 scale mail (worn)
 c - a +0 shield (worn)
Jewellery
 i - an uncursed ring of protection from fire {unknown}
 w - an uncursed amulet of guardian spirit {unknown}
Wands
 s - a wand of paralysis (7)
Scrolls
 g - 2 scrolls of enchant weapon {unknown}
 h - 5 scrolls of identify {unknown}
 j - a scroll of noise {unknown}
 l - a scroll of blinking {unknown}
 n - 5 scrolls of remove curse {unknown}
 o - a scroll of magic mapping {unknown}
 t - a scroll of teleportation {unknown}
Potions
 d - 3 potions of might
 e - 5 potions of curing {unknown}
 m - a potion of heal wounds {unknown}
 q - a potion of magic {unknown}
 r - a potion of cancellation {unknown}
 u - 2 potions of brilliance {unknown}
 x - a potion of agility {unknown}
 z - 2 potions of flight {unknown}
Comestibles
 f - 6 rations


   Skills:
 + Level 3.8 Fighting
 + Level 3.4 Polearms
 + Level 0.2 Throwing
 + Level 4.0 Armour
 + Level 0.5 Dodging
 + Level 0.3 Stealth
 + Level 4.4 Shields


You had 4 spell levels left.
You didn't know any spells.

Dungeon Overview and Level Annotations

Branches:
Dungeon (3/15)

Altars:
Xom
Zin


Innate Abilities, Weirdness & Mutations

You are resistant to torment.
Your stone body is resilient. (AC +4)
You are immune to poison.
You resist negative energy. (rN+)
You are resistant to electric shocks. (rElec)
You can survive without breathing.
You are immune to petrification.
You are immune to rotting.


Message History

You are too injured to fight recklessly!
You are too injured to fight recklessly!
You are too injured to fight recklessly!
You are too injured to fight recklessly!
You are too injured to fight recklessly!
You are too injured to fight recklessly!
You are too injured to fight recklessly!
You are too injured to fight recklessly!
You are too injured to fight recklessly!
You are too injured to fight recklessly!
You are too injured to fight recklessly!
You are too injured to fight recklessly!
You are too injured to fight recklessly!
You are too injured to fight recklessly!
You are too injured to fight recklessly!
You are too injured to fight recklessly!
You are too injured to fight recklessly!
The orc priest mumbles some strange prayers to Beogh against you.
Beogh smites you!
You die...

##.......##.##†##.#######
#.##...................#
##.##.#..###.#.##.#######
......[.>.........#
##.##.#####.......#
#.##.# ......#.# ##.##..
#####...# ....... $ ##..#
#####.. #@.# #.## . #.#
.o #g#


.oo #o# ..o. #)# ..... #o# ...g..#o# ....o..o# You could see an orc priest, a
gnoll and 2 orcs.

Vanquished Creatures
  An orc priest (D:3)
  A worker ant (D:3)
  2 gnolls (D:3)
  4 adders (D:3)
  An ooze (D:1)
  3 worms
  2 dart slugs
  3 leopard geckos
  An orc (D:3)
  6 bats
  2 giant cockroaches
  7 goblins
  5 hobgoblins
  2 jackals (D:2)
  A ball python (D:2)
  4 frilled lizards
  9 kobolds
  10 rats
64 creatures vanquished.

Notes
Turn   | Place    | Note
-------+----------+-------------------------------------------
     0 | D:1      | nikopol the Gargoyle Fighter began the quest for the Orb.
     0 | D:1      | Reached XP level 1. HP: 14/14 MP: 1/1
   284 | D:1      | Reached XP level 2. HP: 19/19 MP: 2/2
   448 | D:1      | Reached XP level 3. HP: 24/24 MP: 3/3
   969 | D:2      | Found a shimmering altar of Xom.
  1144 | D:2      | Found a glowing silver altar of Zin.
  1193 | D:2      | Found a shimmering altar of Xom.
  1682 | D:3      | Reached XP level 4. HP: 27/29 MP: 4/4
  2012 | D:3      | Reached XP level 5. HP: 29/33 MP: 5/5
  2252 | D:3      | Killed from afar by an orc priest

Skill      XL: |  1  2  3  4 |
---------------+-------------+-----
Polearms       | 2 3 |  3.4
Shields        | 4 |  4.4
Armour         | 4 |  4.0
Fighting       | |  3.8
Throwing       | |  0.2
Dodging        | |  0.5
Stealth        | |  0.3

Action                   |  1- 3 |  4- 6 || total
-------------------------+-------+-------++-------
Melee: Trident           |   141 |   102 ||   243
Throw: Stone             |    20 |     5 ||    25
       Javelin           |       |     2 ||     2
  Eat: Chunk             |     3 |     2 ||     5
Armor: Scale mail        |    41 |    38 ||    79
Dodge: Dodged            |    36 |    30 ||    66
Block: Shield            |    50 |    36 ||    86
